 Dungeon Crawl Stone Soup version 0.30-a0-1103-g25895a7845 (webtiles) character file.

Game seed: 6210472202790056123

646 scionoferis the Cutter (level 7, -1/38 HPs)
             Began as a Vine Stalker Fighter on Apr 19, 2023.
             Was a Follower of Uskayaw.
             Succumbed to Edmund's poison
             ... on level 4 of the Dungeon.
             The game lasted 00:08:27 (3377 turns).

scionoferis the Cutter (Vine Stalker Fighter)       Turns: 3377, Time: 00:08:28

Health: -1/38      AC: 21    Str: 20    XL:     7   Next: 52%
Magic:  6/8        EV:  5    Int:  8    God:    Uskayaw [*.....]
Gold:   166        SH:  6    Dex: 20    Spells: 6/6 levels left

rFire   . . .      SeeInvis .    a - +1 short sword (protect)
rCold   . . .      Faith    .    c - +0 buckler
rNeg    . . .      Spirit   +    v - +0 plate armour
rPois   .          Reflect  .    D - +0 helmet
rElec   .          Rampage  .    q - +0 cloak
rCorr   .                        (no gloves)
Will    .....                    n - +0 pair of boots Stlth
                                 (no amulet)
HPRegen 1.06/turn                t - +6 ring of dexterity
MPRegen 0.11/turn                (no ring)

@: brilliant, lethally poisoned (-1 -> -11), under a protective aura, attractive
A: fangs 2, regeneration 1, magic shield, antimagic bite, no potion heal 2
a: Renounce Religion, Stomp


You were on level 4 of the Dungeon.
You worshipped Uskayaw.
Uskayaw was noncommittal.
You visited 2 branches of the dungeon, and saw 5 of its levels.
You also visited: Sewer.

You collected 197 gold pieces.
You spent 31 gold pieces at shops.


Innate Abilities, Weirdness & Mutations

You have extremely sharp teeth.
Your natural rate of healing is unusually fast.
When hurt, damage is shared between your health and your magic reserves.
Your bite disrupts and absorbs the magic of your enemies.
Potions cannot restore your health.


   Skills:
 + Level 4.5 Fighting
 * Level 5.4 Short Blades
 - Level 2.4 Armour
 + Level 4.4 Shields
 * Level 0.0 Invocations


You had 6 spell levels left.
You didn't know any spells.
Your spell library contained the following spells:

 Spells                   Type           Power      Damage    Failure   Level
 Ensorcelled Hibernation  Hex/Ice        0%         N/A       100%        2
 Lesser Beckoning         Tloc           0%         N/A       100%        2
 Passwall                 Tmut/Erth      0%         N/A       100%        2
 Gell's Gravitas          Tloc           0%         N/A       100%        3
 Swiftness                Air            0%         N/A       100%        3
 Teleport Other           Tloc           0%         N/A       100%        3

Inventory:

Hand Weapons
 a - a +1 short sword of protection (weapon)
   (You took it off a kobold on level 1 of the Dungeon)
 b - a +2 short sword of freezing
   (You took it off a kobold on level 2 of the Dungeon)
 i - a +0 rapier
Missiles
 e - 2 javelins (quivered)
 x - 6 poisoned darts
Armour
 c - a +0 buckler (worn)
 n - a +0 pair of boots (worn)
   (You found it on level 2 of the Dungeon)
 q - a +0 cloak (worn)
   (You found it on level 3 of the Dungeon)
 v - a +0 plate armour (worn)
   (You found it on level 3 of the Dungeon)
 D - a +0 helmet (worn)
   (You found it on level 4 of the Dungeon)
Jewellery
 t - a +6 ring of dexterity (left hand)
   (You found it on level 3 of the Dungeon)
Scrolls
 g - 3 scrolls of vulnerability {unknown}
 k - a scroll of silence {unknown}
 l - 3 scrolls of identify {unknown}
 o - 3 scrolls of teleportation {unknown}
 r - 3 scrolls of enchant weapon {unknown}
 u - a scroll of torment {unknown}
 y - 3 scrolls of amnesia {unknown}
 z - 2 scrolls of blinking {unknown}
 A - 2 scrolls of immolation {unknown}
 C - a scroll of noise {unknown}
Potions
 d - 4 potions of might
 f - a potion of attraction
 h - a potion of brilliance
 j - a potion of resistance {unknown}
 m - a potion of cancellation {unknown}
 p - a potion of magic {unknown}
 s - 3 potions of heal wounds
 w - a potion of experience {unknown}
 B - 2 potions of flight {unknown}

Dungeon Overview and Level Annotations

Branches:
Dungeon (4/15)             Temple (1/1) D:4           Sewer (visited)

Altars:
Ashenzari
Cheibriados
Dithmenos
Elyvilon
Fedhas
Makhleb
Okawaru
Qazlal
Ru
Trog
Uskayaw
Vehumet
Wu Jian
Xom
Yredelemnul
Zin
The Shining One

Shops:
D:2 *

Annotations:
D:4 Edmund

### ... #.# #.#
##.####.#####
.(>.........# ###
#.####@.## ..#
#.((.@...## #.#
#####.....####.##.#
##.........##.#
##.#########.# #.#
####.#### #.#
#.......# ##'##
#.##.##.# ##...##
#.##.##.#


You could see Edmund.


Message History

Found a glowing drain.
You hit the quokka.
Your weapon exudes an aura of protection.
The quokka is almost dead.
The quokka barely misses you.
You barely miss the quokka. Your bite misses the quokka.
The quokka is almost dead.
The quokka closely misses you.
You hit the quokka.
You kill the quokka!
You closely miss the giant cockroach.
You bite the giant cockroach, but do no damage.
The giant cockroach bites you but does no damage. x2
You block the giant cockroach's attack.
You hit the giant cockroach.
You kill the giant cockroach!
You block the giant cockroach's attack.
The giant cockroach bites you but does no damage.
You hit the giant cockroach but do no damage.
You bite the giant cockroach. You drain its power.
The giant cockroach is almost dead.
The giant cockroach bites you but does no damage.
You hit the giant cockroach.
You kill the giant cockroach!
No target in view!
No target in view!
A quokka comes into view.
You see here a giant cockroach corpse.
You enter the shallow water.
Moving in this stuff is going to be slow.
A quokka comes into view.
You hit the quokka.
Your weapon exudes an aura of protection.
You kill the quokka!
You enter the shallow water.
Moving in this stuff is going to be slow.
You completely miss the quokka. You hit the quokka.
Your weapon exudes an aura of protection.
The quokka is heavily wounded.
The quokka bites you.
You hit the quokka.
The quokka is severely wounded.
The quokka bites you but does no damage.
You closely miss the quokka. You bite the quokka.
You kill the quokka!
You enter the shallow water.
Moving in this stuff is going to be slow.
You see here a quokka corpse.
There is a glowing drain here.
The world spins around you as you enter the gateway.
You enter a sewer!
Found a gate leading back out of this place.
There is an empty arch of ancient stone here.
You enter the shallow water.
Moving in this stuff is going to be slow.
An endoplasm comes into view.
The endoplasm quivers.
The endoplasm jiggles.
You hit the endoplasm.
Your weapon exudes an aura of protection.
Your bite misses the endoplasm.
The endoplasm is moderately wounded.
You hit the endoplasm. You bite the endoplasm.
You kill the endoplasm!
No target in view!
You enter the shallow water.
Moving in this stuff is going to be slow.
An endoplasm comes into view.
The endoplasm quivers.
You barely miss the endoplasm. You bite the endoplasm.
You kill the endoplasm!
No target in view!
No target in view!
No target in view!
A ball python comes into view.
The ball python hisses angrily.
An endoplasm comes into view.
The ball python barely misses you. The ball python grabs you.
The ball python constricts you.
You puncture the ball python!
Your weapon exudes an aura of protection.
You kill the ball python!
You enter the shallow water.
Moving in this stuff is going to be slow.
The endoplasm quivers.
You barely miss the endoplasm. You hit the endoplasm.
Your weapon exudes an aura of protection.
You kill the endoplasm!
No target in view!
You enter the shallow water.
Moving in this stuff is going to be slow.
A giant cockroach comes into view.
The giant cockroach moves out of view.
You hit the giant cockroach.
Your weapon exudes an aura of protection.
You bite the giant cockroach, but do no damage.
The giant cockroach is almost dead.
You hit the giant cockroach.
You kill the giant cockroach!
No target in view!
An endoplasm comes into view.
The endoplasm quivers.
The endoplasm freezes you.
You are frozen.
You barely miss the endoplasm. You bite the endoplasm.
You kill the endoplasm!
No target in view!
HP restored.
Magic restored.
You enter the shallow water.
Moving in this stuff is going to be slow.
A ball python comes into view.
The ball python hisses angrily.
You hear an angry hiss. 2 endoplasms come into view.
The endoplasm quivers. x2; The endoplasm jiggles.
You hit the ball python.
Your weapon exudes an aura of protection.
You kill the ball python!
A frilled lizard comes into view.
The frilled lizard hisses angrily.
The endoplasm splashes around in the water.
An endoplasm comes into view.
You see here a ball python corpse.
You hit the endoplasm.
Your weapon exudes an aura of protection.
You bite the endoplasm, but do no damage.
The endoplasm is severely wounded.
The endoplasm hits you but does no damage.
You hit the endoplasm.
You kill the endoplasm!
The endoplasm hits you but does no damage.
You hit the endoplasm.
The endoplasm is moderately wounded.
The endoplasm freezes you.
You are frozen.
You hit the endoplasm.
The endoplasm is heavily wounded.
The endoplasm freezes you.
You are frozen.
The frilled lizard bites you but does no damage.
You hit the endoplasm.
The endoplasm is almost dead.
You hit the endoplasm.
You kill the endoplasm!
The frilled lizard bites you but does no damage.
You hit the frilled lizard.
You kill the frilled lizard!
You enter the shallow water.
Moving in this stuff is going to be slow.
The endoplasm attacks as you move away! You block the endoplasm's attack.
You see here a ball python corpse.
You hit the endoplasm.
You kill the endoplasm!
You start resting.
A rat comes into view.
You barely miss the rat. Your bite misses the rat.
The rat bites you but does no damage.
You hit the rat but do no damage.
Your weapon exudes an aura of protection.
You bite the rat.
You kill the rat!
Magic restored.
You enter the shallow water.
Moving in this stuff is going to be slow.
You see here a rat corpse.
You enter the shallow water.
Moving in this stuff is going to be slow. 2 giant cockroaches come into view.
You hit the giant cockroach but do no damage.
Your weapon exudes an aura of protection.
You bite the giant cockroach. You drain its power.
The giant cockroach is moderately wounded.
You completely miss the giant cockroach.
The giant cockroach is moderately wounded.
The giant cockroach bites you but does no damage.
You closely miss the giant cockroach. Your bite misses the giant cockroach.
The giant cockroach is moderately wounded.
The giant cockroach bites you but does no damage.
You hit the giant cockroach but do no damage.
Your bite misses the giant cockroach.
The giant cockroach is moderately wounded.
The giant cockroach splashes around in the water.
The giant cockroach waves its antennae.
The giant cockroach bites you but does no damage.
You hit the giant cockroach but do no damage.
You bite the giant cockroach.
You kill the giant cockroach!
The giant cockroach closely misses you.
The giant cockroach bites you but does no damage.
You hit the giant cockroach.
You kill the giant cockroach!
No target in view!
You enter the shallow water.
Moving in this stuff is going to be slow.
A rat comes into view.
You hit the rat.
Your weapon exudes an aura of protection.
The rat is severely wounded.
The rat bites you but does no damage.
You puncture the rat!
You kill the rat!
No target in view!
You enter the shallow water.
Moving in this stuff is going to be slow.
An endoplasm comes into view.
You hit the endoplasm.
Your weapon exudes an aura of protection.
You bite the endoplasm. You drain its power.
The endoplasm is heavily wounded.
The endoplasm freezes you.
You are frozen.
You hit the endoplasm.
You kill the endoplasm!
No target in view!
You enter the shallow water.
Moving in this stuff is going to be slow.
A worm comes into view.
You hit the worm.
Your weapon exudes an aura of protection.
The worm is moderately wounded.
You hit the worm. You bite the worm. You drain its power.
The worm is severely wounded.
You block the worm's attack.
You barely miss the worm. You bite the worm. You drain its power.
The worm is almost dead.
You hit the worm but do no damage. You bite the worm.
You kill the worm!
No target in view!
A rat comes into view.
Found a gate leading back out of this place.
You barely miss the rat. The rat barely misses you.
You closely miss the rat. The rat barely misses you.
You hit the rat.
Your weapon exudes an aura of protection.
Your bite misses the rat.
The rat is heavily wounded.
You block the rat's attack.
You hit the rat.
You kill the rat!
No target in view!
You enter the shallow water.
Moving in this stuff is going to be slow.
You enter the shallow water.
Moving in this stuff is going to be slow.
You enter the shallow water.
Moving in this stuff is going to be slow.
You enter the shallow water.
Moving in this stuff is going to be slow.
d - 3 potions of might (gained 1)
s - 2 green potions (gained 1)
You enter the shallow water.
Moving in this stuff is going to be slow.
An endoplasm and a jelly come into view.
Found a red potion.
The endoplasm quivers.
The jelly quivers.
You hit the endoplasm.
Your weapon exudes an aura of protection.
The endoplasm is heavily wounded.
You barely miss the endoplasm. You bite the endoplasm.
You kill the endoplasm!
You have reached level 5!
Throw: 2 darts (poison)
Press: ? - help, Q - select action, (/) - cycle Shift-Dir - straight line, f - jelly
Aim: a jelly (90% to hit)
You throw a poisoned dart. The poisoned dart hits the jelly.
Unknown command.
You hit the jelly.
Your hands burn!
The jelly is lightly wounded.
The jelly hits you. The acid corrodes you!
You are splashed with acid.
You hit the jelly.
Your hands burn!
The jelly is moderately wounded.
You block the jelly's attack.
You hit the jelly.
Your hands burn!
The jelly is heavily wounded.
The jelly hits you but does no damage.
You hit the jelly.
Your hands burn!
You bite the jelly. You drain its power.
You feel invigorated.
The jelly is almost dead.
The jelly hits you but does no damage.
You are too injured to fight recklessly!
You are too injured to fight recklessly!
You are too injured to fight recklessly!
You are too injured to fight recklessly!
You are too injured to fight recklessly!
You hit the jelly.
You kill the jelly!
You enter the shallow water.
Moving in this stuff is going to be slow.
Found a cyan potion.
You start resting.
Magic restored.
You start resting.
You are no longer corroded.
You start resting.
HP restored.
You enter the shallow water.
Moving in this stuff is going to be slow.
You enter the shallow water.
Moving in this stuff is going to be slow.
w - a red potion
h - 2 cyan potions (gained 1)
A jelly comes into view.
The jelly quivers.
Throw: dart (poison)
Press: ? - help, Q - select action, (/) - cycle Shift-Dir - straight line, f - jelly
Aim: a jelly (90% to hit)
You throw a poisoned dart.
The poisoned dart completely misses the jelly.
You hear a splash.
You hit the jelly.
Your weapon exudes an aura of protection.
Your hands burn!
You bite the jelly. You drain its power.
You feel invigorated.
The jelly is severely wounded.
The jelly hits you but does no damage.
You hit the jelly.
Your hands burn!
The jelly is severely wounded.
The jelly hits you but does no damage.
You hit the jelly but do no damage.
Your hands burn!
The jelly is severely wounded.
The jelly hits you but does no damage.
You hit the jelly.
You kill the jelly!
You enter the shallow water.
Moving in this stuff is going to be slow.
A jelly comes into view.
Found a ruby potion and a potion of might.
The jelly quivers.
You hit the jelly.
Your weapon exudes an aura of protection.
Your hands burn!
The jelly is lightly wounded.
The jelly barely misses you.
You hit the jelly.
Your hands burn!
The jelly is moderately wounded.
The jelly hits you but does no damage.
You hit the jelly.
Your hands burn!
You bite the jelly! You drain its power.
You feel invigorated.
The jelly is almost dead.
You block the jelly's attack.
You hit the jelly.
You kill the jelly!
No target in view!
You enter the shallow water.
Moving in this stuff is going to be slow.
You enter the shallow water.
Moving in this stuff is going to be slow.
Found a viscous altar of Jiyva.
You enter the shallow water.
Moving in this stuff is going to be slow.
m - a ruby potion
d - 4 potions of might (gained 1)
You enter the shallow water.
Moving in this stuff is going to be slow.
x - a poisoned dart You enter the shallow water.
Moving in this stuff is going to be slow.
You see here a rat corpse.
You enter the shallow water.
Moving in this stuff is going to be slow.
A jelly comes into view.
Found a green potion.
The jelly quivers.
You hit the jelly.
Your weapon exudes an aura of protection.
Your hands burn!
The jelly is moderately wounded.
The jelly barely misses you.
You puncture the jelly! The acid corrodes you!
Your hands burn!
You bite the jelly, but do no damage.
The jelly is severely wounded.
The jelly barely misses you.
You hit the jelly.
Your hands burn!
You bite the jelly.
You kill the jelly!
Your Short Blades skill increases to level 4!
You have reached level 6!
You start resting.
HP restored.
You start resting.
You are no longer corroded.
You start resting.
Magic restored.
You enter the shallow water.
Moving in this stuff is going to be slow.
s - 3 green potions (gained 1)
You enter the shallow water.
Moving in this stuff is going to be slow.
You enter the shallow water.
Moving in this stuff is going to be slow.
A ball python comes into view.
Found a green potion.
The ball python hisses angrily.
A jelly comes into view.
The jelly quivers.
You hit the ball python.
Your weapon exudes an aura of protection.
Your bite misses the ball python.
The ball python is heavily wounded.
The ball python bites you but does no damage.
The ball python grabs you. The ball python constricts you.
You puncture the ball python!
You kill the ball python!
You barely miss the jelly. You bite the jelly. You drain its power.
The jelly is lightly wounded.
The jelly hits you but does no damage.
You hit the jelly.
Your hands burn!
The jelly is moderately wounded.
The jelly hits you but does no damage.
You hit the jelly.
Your hands burn!
You bite the jelly. You drain its power.
The jelly is severely wounded.
The jelly hits you but does no damage.
You hit the jelly. The acid corrodes you!
Your hands burn!
The jelly is almost dead.
You hit the jelly.
You kill the jelly!
You start resting.
HP restored.
You start resting.
Magic restored.
You start waiting.
You are no longer corroded.
You enter the shallow water.
Moving in this stuff is going to be slow.
You enter the shallow water.
Moving in this stuff is going to be slow.
s - 4 green potions (gained 1) Done exploring.
Done exploring.
Search for what [Enter for "d:", or ? for help]? sewer You enter the shallow water.
Moving in this stuff is going to be slow.
You enter the shallow water.
Moving in this stuff is going to be slow.
You enter the shallow water.
Moving in this stuff is going to be slow.
You enter the shallow water.
Moving in this stuff is going to be slow.
You enter the shallow water.
Moving in this stuff is going to be slow.
There is a gate leading back out of this place here.
Unknown command.
Welcome back to the Dungeon!
There is a collapsed entrance here.
You enter the shallow water.
Moving in this stuff is going to be slow.
You open the door.
Found a staircase to the Ecumenical Temple.
There is an open door here.
You open the door.
There is an open door here.
There is a staircase to the Ecumenical Temple here.
You climb downwards.
Welcome to the Ecumenical Temple!
Found four altars.
There is a staircase back to the Dungeon here.
Found three altars.
Found a blossoming altar of Fedhas and a burning altar of Makhleb.
There is a sacrificial altar of Ru here.
There is a staircase back to the Dungeon here.
Found three altars.
Found a stormy altar of Qazlal and a white marble altar of Elyvilon.
Done exploring.
Done exploring.
Done exploring.
Done exploring.
Search for what [Enter for "sewer", or ? for help]? usk
There is a radiant altar of Vehumet here.
There is a hide-covered altar of Uskayaw here.
You kneel at the altar of Uskayaw.
Uskayaw welcomes you!
There is a staircase back to the Dungeon here.
You climb upwards.
Welcome back to the Dungeon!
There is a staircase to the Ecumenical Temple here.
There is an open door here.
You open the door.
An adder comes into view.
The adder hisses angrily.
Found a ring mail and 3 scrolls labelled FYENOSTRIYD.
You hit the adder.
Your weapon exudes an aura of protection.
Your bite misses the adder.
The adder is heavily wounded.
The adder bites you.
You barely miss the adder.
The adder is heavily wounded.
The adder bites you but does no damage.
You hit the adder. Your bite misses the adder.
The adder is almost dead.
The adder barely misses you.
You hit the adder.
You kill the adder!
You can now stomp with the beat.
No target in view!
There is an open door here.
y - 3 scrolls labelled FYENOSTRIYD
z - a scroll labelled LOCZIF UXOH A quokka comes into view.
You barely miss the quokka.
The quokka bites you but does no damage.
You barely miss the quokka. You block the quokka's attack.
You hit the quokka.
Your weapon exudes an aura of protection.
You bite the quokka. You drain its power.
The quokka is severely wounded.
The quokka completely misses you.
You hit the quokka.
You kill the quokka!
No target in view!
No target in view!
Grinder, a kobold and a sleepcap come into view.
Grinder shouts!
The kobold shouts!
You hit the kobold.
Your weapon exudes an aura of protection.
You kill the kobold!
You hit the sleepcap but do no damage. You bite the sleepcap.
You drain its power.
The sleepcap is lightly damaged.
Grinder opens the door.
You block the sleepcap's attack.
You hit the sleepcap.
The sleepcap is moderately damaged.
The sleepcap releases spores at you but does no damage.
You hit the sleepcap. You bite the sleepcap. You drain its power.
The sleepcap is moderately damaged.
Grinder blinks!
You block the sleepcap's attack.
You hit the sleepcap. You bite the sleepcap. You drain its power.
The sleepcap is heavily damaged.
The sleepcap barely misses you.
You can now pass through a line of other dancers.
You hit the sleepcap. You bite the sleepcap. You drain its power.
The sleepcap is heavily damaged.
Unknown command.
You hit the sleepcap but do no damage.
The sleepcap is heavily damaged.
The sleepcap releases spores at you but does no damage.
You hit the sleepcap. You bite the sleepcap. You drain its power.
The sleepcap is almost destroyed.
The sleepcap barely misses you.
Grinder blinks!
You hit the sleepcap.
You destroy the sleepcap!
Grinder blinks!
You see here a +0 dagger.
You close the door.
You start waiting.
Grinder is nearby!
You can no longer pass through a line of other dancers.
There is an open door here.
You start waiting.
Grinder is nearby!
You start waiting.
Grinder is nearby!
Grinder hits you but does no damage.
There is an open door here.
You hit Grinder.
Your weapon exudes an aura of protection.
Your bite misses Grinder.
Grinder is lightly wounded.
Grinder hits you but does no damage.
You hit Grinder. You bite Grinder.
Grinder's magic leaks into the air.
You drain her magic.
Grinder is moderately wounded.
Grinder hits you but does no damage.
You hit Grinder. You bite Grinder.
Grinder's magic leaks into the air.
You drain her magic.
Grinder is moderately wounded.
Grinder hits you.
You writhe in agony.
You hit Grinder.
Grinder is moderately wounded.
You can now pass through a line of other dancers.
You hit Grinder but do no damage.
Grinder is moderately wounded.
Grinder hits you but does no damage.
You hit Grinder but do no damage.
Grinder is moderately wounded.
Grinder says, "You look like you could use a good racking."
Grinder hits you!
You writhe in agony.
You hit Grinder.
Grinder is heavily wounded.
Grinder hits you but does no damage.
You hit Grinder but do no damage.
Grinder is heavily wounded.
Grinder falters for a moment.
You barely miss Grinder. You bite Grinder.
Grinder's magic leaks into the air.
You drain her magic.
You feel invigorated.
Grinder is heavily wounded.
You block Grinder's attack.
You hit Grinder.
Grinder is severely wounded.
Uskayaw will force your foes to helplessly watch your dance.
Uskayaw prepares the audience for your solo!
The helpless Grinder fails to defend herself.
You puncture Grinder!
You kill Grinder!
Your Fighting skill increases to level 4!
Your Short Blades skill increases to level 5!
Your Shields skill increases to level 4!
You have reached level 7!
HP restored.
You open the door.
There is an open door here.
Found a stone staircase leading up.
Found a piece from Xom's chessboard (15/15).
Found a shimmering altar of Xom.
No target in view!
No target in view!
An adder comes into view.
The adder hisses angrily.
The adder barely misses you.
You hit the adder.
Your weapon exudes an aura of protection.
Your bite misses the adder.
The adder is lightly wounded.
The adder barely misses you.
You barely miss the adder.
The adder is lightly wounded.
The adder bites you.
You miss the adder. Your bite misses the adder.
The adder is lightly wounded.
The adder bites you but does no damage.
You hit the adder but do no damage. Your bite misses the adder.
The adder is lightly wounded.
The adder bites you but does no damage.
You miss the adder.
The adder is lightly wounded.
The adder bites you but does no damage.
You hit the adder.
The adder is severely wounded.
The adder bites you but does no damage.
You closely miss the adder. You bite the adder.
You kill the adder!
No target in view!
You pick up a book of Displacement and begin reading...
You add the spells Lesser Beckoning, Gell's Gravitas and Teleport Other to your library.
o - 3 scrolls labelled NIRHAFACSI (gained 1)
A - a scroll labelled APLENE LITO You now have 145 gold pieces (gained 13).
A sleepcap comes into view.
A kobold comes into view. It is wielding a +0 whip.
Found a bubbling emerald potion.
Found a scroll labelled LOCZIF UXOH.
The sleepcap releases spores at you.
You are engulfed in a cloud of soporific spores!
You fall asleep.
The sleepcap releases spores at you!
You wake up.
You are engulfed in a cloud of soporific spores!
You are unaffected.
You hit the sleepcap.
Your weapon exudes an aura of protection.
You bite the sleepcap. You drain its power.
You feel invigorated.
The sleepcap is lightly damaged.
The sleepcap releases spores at you but does no damage.
You hit the sleepcap.
The sleepcap is moderately damaged.
You hit the sleepcap but do no damage.
The sleepcap is moderately damaged.
You block the kobold's attack. You block the sleepcap's attack.
You hit the sleepcap but do no damage.
The sleepcap is moderately damaged.
You block the kobold's attack.
The sleepcap releases spores at you but does no damage.
You hit the sleepcap but do no damage.
The sleepcap is moderately damaged.
The sleepcap releases spores at you. You block the kobold's attack.
You hit the sleepcap. You bite the sleepcap. You drain its power.
You feel invigorated.
The sleepcap is moderately damaged.
You hit the sleepcap but do no damage.
The sleepcap is moderately damaged.
The sleepcap releases spores at you but does no damage.
The kobold hits you but does no damage.
You hit the sleepcap.
The sleepcap is moderately damaged.
You block the kobold's attack.
The sleepcap releases spores at you but does no damage.
You hit the sleepcap.
You bite the sleepcap, but do no damage.
The sleepcap is heavily damaged.
You block the sleepcap's attack. The kobold hits you with a +0 whip.
You can now pass through a line of other dancers.
You hit the sleepcap.
The sleepcap is heavily damaged.
The sleepcap releases spores at you but does no damage.
You block the kobold's attack.
You hit the sleepcap but do no damage.
You bite the sleepcap, but do no damage.
The sleepcap is heavily damaged.
You hit the sleepcap. You bite the sleepcap. You drain its power.
The sleepcap is severely damaged.
The kobold hits you but does no damage. The sleepcap barely misses you.
You hit the sleepcap but do no damage.
The sleepcap is severely damaged.
The kobold barely misses you.
The sleepcap releases spores at you but does no damage.
You hit the sleepcap but do no damage.
The sleepcap is severely damaged.
The kobold hits you but does no damage.
The sleepcap releases spores at you but does no damage.
You hit the sleepcap but do no damage.
The sleepcap is severely damaged.
You hit the sleepcap.
The sleepcap is severely damaged.
You block the kobold's attack.
The sleepcap releases spores at you but does no damage.
You hit the sleepcap.
The sleepcap is almost destroyed.
You block the kobold's attack. The sleepcap barely misses you.
You hit the sleepcap.
The sleepcap is almost destroyed.
The kobold hits you but does no damage.
The sleepcap releases spores at you but does no damage.
You hit the sleepcap but do no damage. You bite the sleepcap.
You drain its power.
The sleepcap is almost destroyed.
You block the sleepcap's attack. The kobold hits you but does no damage.
You hit the sleepcap.
You destroy the sleepcap!
You block the kobold's attack.
You barely miss the kobold. You hit the kobold.
You bite the kobold, but do no damage.
The kobold is moderately wounded.
You block the kobold's attack.
Uskayaw will force your foes to helplessly watch your dance.
Uskayaw prepares the audience for your solo!
The helpless kobold fails to defend itself.
You puncture the kobold!
You kill the kobold!
No target in view!
z - 2 scrolls labelled LOCZIF UXOH (gained 1)
B - a bubbling emerald potion A hound comes into view.
Found a spiked leather armour.
The hound barks!
The hound stops to sniff the ground.
You hit the hound.
Your weapon exudes an aura of protection.
Your bite misses the hound.
The hound is lightly wounded.
The hound bites you. The hound bites you but does no damage.
You hit the hound. You bite the hound, but do no damage.
The hound is moderately wounded.
The hound bites you but does no damage.
You hit the hound.
The hound is moderately wounded.
The hound bites you but does no damage.
You barely miss the hound. You bite the hound. You drain its power.
You feel invigorated.
The hound is severely wounded.
The hound bites you.
You can now pass through a line of other dancers.
You hit the hound. Your bite misses the hound.
The hound is almost dead.
The hound bites you but does no damage.
You barely miss the hound.
The hound is almost dead.
The hound stops to sniff the ground.
The hound bites you but does no damage. x2
You hit the hound.
You kill the hound!
You see here the +1 leather armour "Upsohocw" {-Tele rN++ Regen+ SInv}.
Found a dagger.
You see here a +0 dagger.
Found a stone staircase leading down.
B - 2 bubbling emerald potions (gained 1)
g - 3 scrolls labelled POXAOH ECVOGG (gained 1)
A ball python comes into view.
The ball python hisses angrily.
You closely miss the ball python. Your bite misses the ball python.
You hit the ball python.
Your weapon exudes an aura of protection.
You kill the ball python!
No target in view!
No target in view!
C - a scroll labelled WAYN MIETU
Found a stone staircase leading up.
There is a stone staircase leading up here.
An ufetubus comes into view.
The ufetubus shouts!
The ufetubus hits you but does no damage. x2
You barely miss the ufetubus. Your bite misses the ufetubus.
The ufetubus hits you but does no damage. x2
You hit the ufetubus.
Your weapon exudes an aura of protection.
The ufetubus is moderately wounded.
The ufetubus hits you but does no damage. x2
You closely miss the ufetubus. You bite the ufetubus. You drain its power.
The ufetubus is almost dead.
The ufetubus hits you but does no damage.
The ufetubus barely misses you.
You closely miss the ufetubus. Your bite misses the ufetubus.
The ufetubus is almost dead.
The ufetubus hits you but does no damage.
You block the ufetubus's attack.
You barely miss the ufetubus. You bite the ufetubus.
You kill the ufetubus!
You now have 156 gold pieces (gained 11).
You open the door.
Found a whip.
There is an open door here.
You open the door.
There is an open door here.
Found a helmet.
You see here a +0 helmet.
D - a +0 helmet You start putting on your armour.
You continue putting on your +0 helmet. x4
You finish putting on your +0 helmet.
There is a stone staircase leading up here.
You now have 166 gold pieces (gained 10).
A - 2 scrolls labelled APLENE LITO (gained 1)
Found a robe.
Found a chain mail.
You see here a +0 chain mail.
You see here a +0 chain mail.
A phantom comes into view.
You hit the phantom.
Your weapon exudes an aura of protection.
The phantom is lightly damaged.
The phantom hits you.
The phantom blinks!
You blink.
You barely miss the phantom. You bite the phantom! You drain its power.
You feel invigorated.
The phantom is moderately damaged.
The phantom hits you but does no damage.
You hit the phantom. You bite the phantom, but do no damage.
The phantom is moderately damaged.
You miss the phantom.
The phantom is moderately damaged.
The phantom hits you but does no damage.
You barely miss the phantom. Your bite misses the phantom.
The phantom is moderately damaged.
The phantom closely misses you.
You closely miss the phantom.
The phantom is moderately damaged.
The phantom barely misses you.
You hit the phantom but do no damage.
The phantom is moderately damaged.
The phantom hits you but does no damage.
You closely miss the phantom.
The phantom is moderately damaged.
The phantom barely misses you.
You closely miss the phantom.
The phantom is moderately damaged.
You hit the phantom. You bite the phantom. You drain its power.
The phantom is heavily damaged.
The phantom hits you but does no damage.
You hit the phantom but do no damage.
The phantom is heavily damaged.
The phantom hits you but does no damage.
You hit the phantom. You bite the phantom, but do no damage.
The phantom is severely damaged.
You hit the phantom. Your bite misses the phantom.
The phantom is severely damaged.
The phantom closely misses you.
You hit the phantom. Your bite misses the phantom.
The phantom is severely damaged.
The phantom hits you but does no damage.
You can now pass through a line of other dancers.
You hit the phantom. You bite the phantom. You drain its power.
The phantom is almost destroyed.
The phantom hits you but does no damage.
You hit the phantom but do no damage. You bite the phantom.
You destroy the phantom!
No target in view!
x - 6 poisoned darts (gained 5)
You open the door.
Found a helmet.
There is an open door here.
Found 5 stones.
You see here a +0 helmet.
You open the door.
There is an open door here.
You open the door.
Found a basalt altar of Yredelemnul and a snail-covered altar of Cheibriados.
There is an open door here.
There is an open door here.
You open the door.
There is an open door here.
You open the door.
There is an open door here.
Edmund and an endoplasm come into view.
Edmund is wielding a +2 flail of venom and wearing a +4 chain mail of cold resistance.
Found an escape hatch in the floor.
Edmund shouts!
The endoplasm quivers.
Throw: 5 javelins
Press: ? - help, Q - select action, (/) - cycle Shift-Dir - straight line, f - Edmund
Aim: Edmund, wielding a +2 flail of venom and wearing a +4 chain mail of cold resistance (71% to hit)
You throw a javelin.
The javelin pierces through the endoplasm but does no damage.
The javelin barely misses Edmund.
You hit the endoplasm but do no damage.
Your weapon exudes an aura of protection.
You bite the endoplasm.
You kill the endoplasm!
Throw: 4 javelins
Press: ? - help, Q - select action, (/) - cycle Shift-Dir - straight line, f/p - Edmund
Aim: Edmund, wielding a +2 flail of venom and wearing a +4 chain mail of cold resistance (71% to hit)
You throw a javelin. The javelin pierces through Edmund.
Edmund is lightly wounded.
Throw: 3 javelins
Press: ? - help, Q - select action, (/) - cycle Shift-Dir - straight line, f/p - Edmund
Aim: Edmund, wielding a +2 flail of venom and wearing a +4 chain mail of cold resistance (lightly wounded, 71% to hit)
You throw a javelin.
The javelin pierces through Edmund but does no damage.
Edmund is lightly wounded.
You hit Edmund but do no damage. You bite Edmund, but do no damage.
Edmund is lightly wounded.
Edmund hits you but does no damage.
You hit Edmund. You bite Edmund, but do no damage.
Edmund is lightly wounded.
You hit Edmund. You bite Edmund, but do no damage.
Edmund is lightly wounded.
Edmund hits you but does no damage.
You are poisoned.
You barely miss Edmund. You bite Edmund, but do no damage.
Edmund is lightly wounded.
You feel sick. Edmund hits you but does no damage.
You are more poisoned.
You hit Edmund but do no damage. You bite Edmund, but do no damage.
Edmund is lightly wounded.
You feel sick. Edmund barely misses you.
You closely miss Edmund.
Edmund is lightly wounded.
You feel sick.
You hit Edmund but do no damage. Your bite misses Edmund.
Edmund is lightly wounded.
You feel sick.
Edmund asks, "Have you met my wondrous brother?"
Edmund hits you but does no damage.
You are more poisoned.
You hit Edmund but do no damage.
Edmund is lightly wounded.
You feel sick. Edmund barely misses you.
You barely miss Edmund. You bite Edmund. You drain his power.
Edmund is moderately wounded.
You feel sick. Edmund barely misses you.
You hit Edmund but do no damage. You bite Edmund, but do no damage.
Edmund is moderately wounded.
You feel sick.
You barely miss Edmund.
Edmund is moderately wounded.
You feel sick.
Edmund hits you with a +2 flail of venom!
You barely miss Edmund. Your bite misses Edmund.
Edmund is moderately wounded.
You feel sick. Edmund hits you but does no damage.
You are more poisoned.
You closely miss Edmund. Your bite misses Edmund.
Edmund is moderately wounded.
You feel sick. You block Edmund's attack.
You hit Edmund.
Edmund is moderately wounded.
You feel sick.
Edmund says, "A flail is better than a scythe, any day of the week!"
Edmund hits you with a +2 flail of venom.
You are more poisoned.
You can now pass through a line of other dancers.
You hit Edmund.
Edmund is moderately wounded.
You feel sick. Edmund barely misses you.
You hit Edmund but do no damage.
Edmund is moderately wounded.
You feel very sick.
You barely miss Edmund. Your bite misses Edmund.
Edmund is moderately wounded.
You feel sick. Edmund hits you but does no damage.
You barely miss Edmund. Your bite misses Edmund.
Edmund is moderately wounded.
You feel sick. You block Edmund's attack.
You hit Edmund but do no damage.
Edmund is moderately wounded.
You feel sick. Edmund hits you but does no damage.
You are more poisoned.
You hit Edmund but do no damage.
Edmund is moderately wounded.
You feel sick.
You can no longer pass through a line of other dancers.
You hit Edmund but do no damage. You bite Edmund, but do no damage.
Edmund is moderately wounded.
You feel sick. Edmund barely misses you.
Unknown command.
You barely miss Edmund. You bite Edmund, but do no damage.
Edmund is moderately wounded.
You feel sick. Edmund hits you but does no damage.
You are more poisoned.
You hit Edmund. Your bite misses Edmund.
Edmund is heavily wounded.
You feel very sick. Edmund hits you but does no damage.
You are more poisoned.
Unknown command.
It was a potion of heal wounds.
That seemed strangely inert.
* * * LOW HITPOINT WARNING * * *
You feel very sick.
Edmund hits you with a +2 flail of venom.
* * * LOW HITPOINT WARNING * * *
You are more poisoned.
It was a potion of attraction.
You feel attractive to monsters.
* * * LOW HITPOINT WARNING * * *
You feel very sick. Edmund barely misses you.
It was a potion of brilliance.
You feel clever all of a sudden.
You die...

Skill      XL: |  1  2  3  4  5  6 |
---------------+-------------------+-----
Short Blades   | 2 3 4 5 |  5.4
Fighting       | 3 4 |  4.5
Shields        | 3 4 |  4.4
Armour         | |  2.4

Action                     |  1- 3 |  4- 6 |  7- 9 || total
---------------------------+-------+-------+-------++-------
  Melee: Rapier            |    79 |       |       ||    79
         Bite              |    27 |    42 |    28 ||    97
         Short sword       |    37 |   142 |    84 ||   263
  Throw: Dart              |       |     2 |       ||     2
         Javelin           |       |       |     3 ||     3
    Use: Potion            |       |       |     3 ||     3
   Stab: Paralysed         |       |     1 |     1 ||     2
 Armour: Scale mail        |    56 |    16 |       ||    72
         Plate armour      |       |    34 |    48 ||    82
  Dodge: Dodged            |    44 |    26 |    16 ||    86
  Block: Buckler           |    20 |    18 |    15 ||    53

Levels and vault maps discovered:
D:1:      zelgadis_glass_arrival_small, layout_basic,
          ebering_ecumenical_altar_rust
D:2:      layout_loops_cross, serial_shops, shop_statue, basic_altar
D:3:      layout_loops_ring
D:4:      layout_loops_corners, gammafunk_temple_overflow_elements,
          xom_butterflies, minmay_temple_entry_glassed_door,
          portal_sewer_entry_f, uniq_grinder, uniq_edmund
Temple:   zaba_magenta_temple

Notes
Turn   | Place    | Note
-------+----------+-------------------------------------------
     0 | D:1      | scionoferis the Vine Stalker Fighter began the quest for
                  | the Orb.
     0 | D:1      | Reached XP level 1. HP: 11/11 MP: 2/2
    52 | D:1      | Reached skill level 2 in Short Blades
   114 | D:1      | Reached XP level 2. HP: 12/16 MP: 1/3
   173 | D:1      | Found a faded altar of an unknown god.
   304 | D:1      | Reached skill level 3 in Fighting
   342 | D:1      | Reached skill level 3 in Shields
   342 | D:1      | Reached XP level 3. HP: 19/20 MP: 2/4
   900 | D:2      | Found Riul's Assorted Antiques.
   903 | D:2      | Bought a scroll labelled KIOCUAQIEL for 31 gold pieces
  1146 | D:2      | Gained mutation: Your natural rate of healing is unusually
                  | fast. [Vine Stalker growth]
  1146 | D:2      | Reached XP level 4. HP: 24/24 MP: 5/5
  1254 | D:2      | Reached skill level 3 in Short Blades
  1328 | D:2      | Found a stormy altar of Qazlal.
  2138 | D:4      | Found a glowing drain.
  2165 | Sewer    | Entered a sewer
  2369 | Sewer    | Reached XP level 5. HP: 28/28 MP: 6/6
  2428 | Sewer    | Found a viscous altar of Jiyva.
  2458 | Sewer    | Reached skill level 4 in Short Blades
  2458 | Sewer    | Reached XP level 6. HP: 30/33 MP: 4/7
  2565 | D:4      | Found a staircase to the Ecumenical Temple.
  2576 | Temple   | Entered the Ecumenical Temple
  2647 | Temple   | Became a worshipper of Uskayaw the Reveller
  2659 | D:4      | Reached * piety under Uskayaw
  2692 | D:4      | Noticed Grinder
  2700 | D:4      | Reached ** piety under Uskayaw
  2732 | D:4      | Reached *** piety under Uskayaw
  2733 | D:4      | Killed Grinder
  2734 | D:4      | Reached skill level 4 in Fighting
  2734 | D:4      | Reached skill level 5 in Short Blades
  2734 | D:4      | Reached skill level 4 in Shields
  2734 | D:4      | Reached XP level 7. HP: 29/37 MP: 8/8
  2755 | D:4      | Found a shimmering altar of Xom.
  2924 | D:4      | Identified the +1 leather armour "Upsohocw" {-Tele rN++
                  | Regen+ SInv}
  3280 | D:4      | Found a basalt altar of Yredelemnul.
  3280 | D:4      | Found a snail-covered altar of Cheibriados.
  3347 | D:4      | Noticed Edmund
  3376 | D:4      | HP: 2/38 [poisoned by Edmund]
  3377 | D:4      | Succumbed to Edmund's poison

Vanquished Creatures
  Grinder (D:4)
  A phantom (D:4)
  5 jellies (Sewer)
  A hound (D:4)
  2 sleepcaps (D:4)
  4 adders (D:2 D:3 D:4)
  An ufetubus (D:4)
  A worm (Sewer)
  2 dart slugs (D:1)
  A bat (D:1)
  13 endoplasms (D:2 D:3 Sewer D:4)
  8 giant cockroaches (D:1 D:3 D:4 Sewer)
  4 goblins (D:1 D:2 D:3)
  3 hobgoblins (D:1 D:3)
  7 jackals (D:1 D:2)
  9 kobolds (D:1 D:2 D:3 D:4)
  10 quokkas (D:1 D:2 D:4)
  12 ball pythons (D:1 D:2 D:3 Sewer D:4)
  7 frilled lizards (D:1 D:2 D:3 Sewer)
  5 rats (D:1 Sewer)
97 creatures vanquished.

Table legend: (Time is in decaauts)
 A = Elapsed time spent in this place.
 B = Non-inter-level travel time spent in this place.
 C = Inter-level travel time spent in this place.
 D = Time resting spent in this place.
 E = Time spent auto-exploring this place.
 F = Levels seen in this place.
 G = Mean time per level.
                   A        B        C        D        E       F      G
               +--------+--------+--------+--------+--------+-----+--------+
         Total |   3381 |   3254 |    127 |     59 |   2393 |   6 |  563.5 |
       Dungeon |   2897 |   2789 |    108 |     10 |   2173 |   4 |  724.2 |
        Temple |     75 |     56 |     19 |      0 |     50 |   1 |   75.0 |
         Sewer |    408 |    408 |      0 |     49 |    170 |   1 |  408.0 |
               +--------+--------+--------+--------+--------+-----+--------+

Top non-repeatable levels by time:
     D:1: 896 daAuts
     D:4: 765 daAuts
     D:2: 730 daAuts
     D:3: 505 daAuts
   Sewer: 408 daAuts
  Temple: 75 daAuts

Table legend:
 A = Non-vault XP
 B = Vault XP
 C = Vault XP percentage of total XP
 D = Non-vault monster count
 E = Vault monster count
 F = Vault count percentage of total count
                 A         B        C        D         E       F
            +---------+---------+-------+---------+---------+-------
      Total |     386 |     537 |  58.2 |      66 |      31 |  32.0
            +---------+---------+-------+---------+---------+-------
        D:1 |      49 |       0 |   0.0 |      26 |       0 |   0.0
        D:2 |      44 |       0 |   0.0 |      19 |       0 |   0.0
        D:3 |      27 |       0 |   0.0 |       9 |       0 |   0.0
        D:4 |     266 |     287 |  51.9 |      12 |       6 |  33.3
      Sewer |       0 |     250 | 100.0 |       0 |      25 | 100.0
            +---------+---------+-------+---------+---------+-------
